 Dungeon Crawl Stone Soup version 0.24.0-123-gd5b16e6ec5 (webtiles) character file.

Game seed: 9870639262416906269, levelgen mode: deterministic

413 DeadFury222 the Cutter (level 7, -3/44 HPs)
             Began as a Kobold Berserker on Jan 11, 2020.
             Was a Believer of Trog.
             Killed by nerve-wracking pain
             ... invoked by an orc priest
              (5 damage)
             ... on level 3 of the Dungeon.
             The game lasted 00:10:25 (2470 turns).

DeadFury222 the Cutter (Kobold Berserker)           Turns: 2470, Time: 00:10:25

Health: -3/44      AC:  3    Str: 16    XL:     7   Next: 14%
Magic:  7/7        EV: 17    Int:  8    God:    Trog [**....]
Gold:   89         SH:  0    Dex: 15    Spells: 6/6 levels left

rFire    . . .     SeeInvis .   a - +0 short sword
rCold    . . .     Gourm    .   (shield restricted)
rNeg     . . .     Faith    .   l - +0 leather armour
rPois    .         Spirit   .   (no helmet)
rElec    .         Reflect  .   (no cloak)
rCorr    .         Harm     .   (no gloves)
MR       .....                  (no boots)
Stlth    +.........             (no amulet)
HPRegen  0.14/turn              (no ring)
MPRegen  0.10/turn              (no ring)

@: berserk cooldown, slowed, very slow
A: small, carnivore
a: Berserk, Trog's Hand, Renounce Religion


You were on level 3 of the Dungeon.
You worshipped Trog.
Trog was pleased with you.
You were very full.

You visited 1 branch of the dungeon, and saw 3 of its levels.

You collected 89 gold pieces.

Inventory:

Hand Weapons
 a - a +0 short sword (weapon)
Missiles
 o - 7 boomerangs (quivered)
Armour
 g - a +2 scale mail of poison resistance
 l - a +0 leather armour (worn)
Wands
 n - a wand of random effects (14)
Scrolls
 b - a scroll of remove curse
 k - a scroll of noise {unknown}
 q - a scroll of identify {unknown}
Potions
 d - a potion of haste {unknown}
 e - 3 potions of curing
 f - a potion of flight {unknown}
 h - a potion of cancellation {unknown}
 i - a potion of agility {unknown}
 j - a potion of berserk rage {unknown}
 m - a potion of resistance {unknown}
 r - a potion of heal wounds {unknown}
Comestibles
 c - 4 rations


   Skills:
 + Level 5.0 Fighting
 * Level 7.6 Short Blades
 - Level 1.5 Armour
 + Level 4.6 Dodging


You had 6 spell levels left.
You didn't know any spells.
Your spell library was empty.

Dungeon Overview and Level Annotations

Branches:
Dungeon (3/15)

Altars:
Gozag


Innate Abilities, Weirdness & Mutations

You are small and have problems with some larger weapons.
You are carnivorous and can eat meat at any time.


Message History

The orc priest is heavily wounded.
The orc priest completely misses you. The orc barely misses you.
The orc misses you.
You closely miss the orc priest.
The orc priest is heavily wounded.
The orc priest hits you but does no damage.
The orc hits you.
* * * LOW HITPOINT WARNING * * *
The orc barely misses you.
You closely miss the orc priest.
The orc priest is heavily wounded.
The orc priest mumbles some strange prayers to Beogh against you.
Beogh smites you!
* * * LOW HITPOINT WARNING * * *
The orc barely misses you. The orc closely misses you.
You hit the orc priest but do no damage.
The orc priest is heavily wounded.
The orc priest calls down the wrath of Beogh upon you.
Pain shoots through your body!
You die...

#.......# #.......#
#.......# #.
#.≈...≈.# # #.
.......#.# #.#
.o......####.##
####### #oo......
....# # ......#
##@o...### ##..# #
#####.#
#.).......##...####
#.#
##)###.###.#........
#.# #......###
##...#### #.#
#.......... ##.## #
#.# #.######### #.#
# #.### #.# #.# #
#...# #.# ##'## #
###.# #.# ##.).##


You could see an orc priest and 3 orcs.

Vanquished Creatures
  Sigmund (D:2)
  2 orc wizards (D:3)
  A bullfrog skeleton (D:3)
  2 orc priests (D:3)
  Terence (D:2)
  2 adders (D:2)
  A worm (D:3)
  A dart slug (D:1)
  A leopard gecko (D:3)
  7 orcs (D:3)
  8 bats
  4 giant cockroaches
  6 goblins
  8 hobgoblins
  3 jackals (D:1)
  5 kobolds
  A quokka (D:2)
  2 ball pythons (D:1)
  A frilled lizard (D:2)
  11 rats
68 creatures vanquished.

Notes
Turn   | Place    | Note
-------+----------+-------------------------------------------
     0 | D:1      | DeadFury222 the Kobold Berserker began the quest for the
                  | Orb.
     0 | D:1      | Reached XP level 1. HP: 14/14 MP: 1/1
   303 | D:1      | Reached XP level 2. HP: 16/19 MP: 2/2
   447 | D:1      | Reached ** piety under Trog
   546 | D:1      | Reached XP level 3. HP: 21/23 MP: 3/3
   619 | D:1      | Reached skill level 5 in Short Blades
   917 | D:2      | Noticed Terence
  1070 | D:2      | Reached XP level 4. HP: 28/29 MP: 4/4
  1530 | D:2      | Killed Terence
  1548 | D:2      | Found an opulent altar of Gozag.
  1551 | D:2      | Noticed Sigmund
  1557 | D:2      | Killed Sigmund
  1557 | D:2      | Reached skill level 6 in Short Blades
  1557 | D:2      | Reached XP level 5. HP: 34/34 MP: 5/5
  1557 | D:2      | Reached XP level 6. HP: 39/39 MP: 6/6
  1881 | D:3      | Reached skill level 7 in Short Blades
  2449 | D:3      | Reached XP level 7. HP: 44/44 MP: 7/7
  2461 | D:3      | Reached skill level 5 in Fighting
  2469 | D:3      | HP: 2/44 [orc priest/divine providence (11)]
  2470 | D:3      | Killed from afar by an orc priest

Levels and vault maps discovered:
D:1:      dpeg_arrival_rooms_b, layout_rooms, minmay_ruptured
D:2:      layout_basic, nicolae_gozag_seed_capital, uniq_terence, uniq_sigmund
D:3:      cheibrodos_pilgrimage, layout_loops_corners, grunt_ministairs_9,
          uniq_robin

Skill      XL: |  1  2  3  4  5  6  7 |
---------------+----------------------+-----
Dodging        | 3 4 |  4.6
Short Blades   | 5 6 7 |  7.6
Fighting       | 4 5 |  5.0
Armour         | |  1.5

Action                   |  1- 3 |  4- 6 |  7- 9 || total
-------------------------+-------+-------+-------++-------
Melee: Short sword       |   119 |   122 |    18 ||   259
Invok: Berserk           |       |     3 |       ||     3
       Trog's Hand       |       |     1 |       ||     1
  Use: Scroll            |     1 |       |       ||     1
       Potion            |       |     1 |       ||     1
 Stab: Sleeping          |     1 |     1 |       ||     2
  Eat: Chunk             |     9 |     6 |       ||    15
Armor: Animal skin       |    16 |       |       ||    16
       Leather armour    |     1 |    12 |     2 ||    15
Dodge: Dodged            |    79 |    74 |    26 ||   179
